 Dungeon Crawl Stone Soup version 0.29-a0-483-g69413ace17 (webtiles) character file.

Game seed: 13093537649039672731

240 jfcaron the Grave Robber (level 6, -2/53 HPs)
             Began as an Ogre Necromancer on May 26, 2022.
             Slain by a wraith (9 damage)
             ... in an ossuary.
             The game lasted 00:08:48 (4332 turns).

jfcaron the Grave Robber (Ogre Necromancer)         Turns: 4332, Time: 00:08:49

Health: -2/53      AC:  3    Str: 13    XL:     6   Next: 8%
Magic:  21/21      EV: 10    Int: 18    God:
Gold:   211        SH:  0    Dex:  9    Spells: 5/13 levels left

rFire   . . .      SeeInvis .   g - +0 rapier
rCold   . . .      Faith    .   (no shield)
rNeg    . . .      Spirit   .   a - +0 robe
rPois   .          Reflect  .   (helmet restricted)
rElec   .          Harm     .   (no cloak)
rCorr   .          Rampage  .   (gloves unavailable)
Will    .....                   (boots unavailable)
Stlth   +.........              (no amulet)
HPRegen 0.17/turn               q - ring of magical power
MPRegen 0.17/turn               (no ring)

@: slowed, very slow
A: large, unfitting armour, tough skin 1
a: no special abilities


You were in an ossuary.
You visited 1 branch of the dungeon, and saw 4 of its levels.
You also visited: Ossuary.

You collected 211 gold pieces.

Inventory:

Hand Weapons
 g - a +0 rapier (weapon)
Missiles
 c - 120 stones
 e - 8 poisoned darts
Armour
 a - a +0 robe (worn)
Jewellery
 q - a ring of magical power (left hand)
Wands
 p - a wand of flame (1)
 s - a wand of iceblast (4)
Scrolls
 i - 2 scrolls of magic mapping
 j - 4 scrolls of teleportation {unknown}
 m - a scroll of immolation {unknown}
 o - a scroll of fear {unknown}
 r - 2 scrolls of vulnerability {unknown}
 t - a scroll of torment {unknown}
 u - a scroll of enchant armour {unknown}
 v - 2 scrolls of enchant weapon {unknown}
 y - 2 scrolls of blinking {unknown}
 z - a scroll of amnesia {unknown}
 A - 3 scrolls of identify {unknown}
 B - 2 scrolls of poison {unknown}
 D - a scroll of noise {unknown}
Potions
 b - 2 potions of magic
 d - 2 potions of might {unknown}
 f - a potion of brilliance {unknown}
 h - 2 potions of berserk rage {unknown}
 k - 5 potions of curing {unknown}
 l - a potion of flight {unknown}
 n - a potion of attraction {unknown}
 w - a potion of lignification {unknown}
 x - a potion of resistance {unknown}
 C - a potion of mutation {unknown}


   Skills:
 + Level 3.5 Dodging
 - Level 1.4 Stealth
 + Level 4.3 Spellcasting
 + Level 4.7 Necromancy


You had 5 spell levels left.
You knew the following spells:

 Your Spells              Type           Power      Damage    Failure   Level
a - Necrotize             Necr           84%        1d8       1%          1
b - Vampiric Draining     Necr           21%        2d7       6%          3
c - Animate Dead          Necr           21%        N/A       21%         4

Your spell library contained the following spells:

 Spells                   Type           Power      Damage    Failure   Level
 Sandblast                Erth           6%         2d5       14%         1
 Passwall                 Tmut/Erth      2%         N/A       22%         2
 Frozen Ramparts          Ice            6%         1d2       38%         3
 Stone Arrow              Conj/Erth      6%         3d7       38%         3
 Agony                    Necr           21%        N/A       50%         5
 Ice Form                 Ice/Tmut       3%         N/A       80%         4
 Summon Ice Beast         Ice/Summ       3%         N/A       80%         4


Dungeon Overview and Level Annotations

Branches:
Dungeon (4/15)             Temple (0/1) D:4         Ossuary (1/1)

Altars:
Fedhas
Vehumet
Zin

Annotations:
D:3 exclusion: statue


Innate Abilities, Weirdness & Mutations

You are too large for most types of armour.
You have tough skin. (AC +1)


Message History

The wraith partially resists.
The wraith is lightly damaged.
The wraith hits you. The wraith drains your vigour!
You feel as though you will be slow longer.
The wraith hits you!
Aiming: Iceblast
Press: ? - help, Shift-Dir - straight line The mass of ice explodes!
The iceblast engulfs the wraith.
The wraith partially resists.
The wraith is moderately damaged.
The wraith barely misses you.
Unknown command.
Aiming: Iceblast
Press: ? - help, Shift-Dir - straight line The mass of ice explodes!
The iceblast engulfs the wraith!
The wraith partially resists.
The wraith is heavily damaged.
The wraith hits you. The wraith hits you! The wraith drains your vigour!
You feel as though you will be slow longer.
Aiming: Iceblast
Press: ? - help, Shift-Dir - straight line The mass of ice explodes!
The iceblast engulfs the wraith!
The wraith partially resists.
The wraith is severely damaged.
The wraith hits you! The wraith drains your vigour!
You feel as though you will be slow longer.
Aiming: Iceblast
Press: ? - help, Shift-Dir - straight line The mass of ice explodes!
The iceblast engulfs the wraith but does no damage.
The wraith is severely damaged.
The wraith hits you. The wraith hits you!
* * * LOW HITPOINT WARNING * * *
Aiming: Iceblast
Press: ? - help, Shift-Dir - straight line The mass of ice explodes!
The iceblast engulfs the wraith!
The wraith partially resists.
The wraith is almost destroyed.
The wraith hits you!
You die...

#..#.'...8...#.#...8...'.#
#..####......#'#......####
#............#.#..........
#.........................
#..####.####.....####.####
#..#.'..#.'...8...'.#..'.#
#..####.####.....####.####
#.........................
#.......W@...#.#..........
#..####......#'#......####
#..#!'...8...#.#...8...'.#
#..####......###......####
#.........................
#.........................
#..#.#..#.#..#.#..#.#..#.#
#..#'#..#+#..#+#..#+#..#'#
#..#.#..# #..# #..# #..#.#


You could see a wraith.

Vanquished Creatures
  A necrophage (D:4)
  Jessica (D:2)
  Ijyb (D:3)
  3 mummies (Ossuary)
  An adder (D:2)
  A worm zombie (D:4)
  2 dart slugs (D:1)
  5 ball pythons
  6 bats
  5 endoplasms
  2 giant cockroaches
  9 goblins
  9 hobgoblins
  2 jackals
  3 quokkas
  3 frilled lizards
  4 goblin zombies
  2 hobgoblin zombies (Ossuary)
  3 kobolds
  3 kobold zombies (Ossuary)
  5 rats
71 creatures vanquished.

Notes
Turn   | Place    | Note
-------+----------+-------------------------------------------
     0 | D:1      | jfcaron the Ogre Necromancer began the quest for the Orb.
     0 | D:1      | Reached XP level 1. HP: 16/16 MP: 3/3
     3 | D:1      | Noticed an electric eel
     4 | D:1      | Noticed an electric eel
   139 | D:1      | Reached XP level 2. HP: 20/24 MP: 0/5
   660 | D:1      | Reached XP level 3. HP: 26/31 MP: 3/7
   928 | D:1      | Learned a level 3 spell: Vampiric Draining
  1354 | D:2      | Noticed Jessica
  1360 | D:2      | Reached XP level 4. HP: 25/39 MP: 5/9
  1361 | D:2      | Killed Jessica
  1475 | D:2      | Found a radiant altar of Vehumet.
  1819 | D:2      | Found a faded altar of an unknown god.
  2240 | D:2      | Learned a level 4 spell: Animate Dead
  2454 | D:3      | Noticed Ijyb
  2466 | D:3      | Killed Ijyb
  2467 | D:3      | Reached XP level 5. HP: 35/45 MP: 10/10
  2707 | D:3      | Found a radiant altar of Vehumet.
  2709 | D:3      | Noticed a charred statue
  2753 | D:3      | Found a glowing silver altar of Zin.
  2867 | D:3      | Found a blossoming altar of Fedhas.
  3355 | D:4      | Found a sand-covered staircase.
  3373 | Ossuary  | Entered an ossuary
  3373 | Ossuary  | Noticed a wraith
  3373 | Ossuary  | Noticed a wraith
  3373 | Ossuary  | Noticed a wraith
  3949 | Ossuary  | Reached XP level 6. HP: 41/53 MP: 12/12
  4323 | Ossuary  | Noticed a wraith
  4331 | Ossuary  | HP: 7/53 [wraith (9)]
  4332 | Ossuary  | Slain by a wraith

Illustrated notes

Levels and vault maps discovered:
D:1:      arrival_aquarium_b, layout_rooms, minmay_split_cup_large
D:2:      layout_basic, basic_altar, shapermc_ecumenical_altar_mp_highgroup,
          moated_statue, minmay_increasing_density, uniq_jessica
D:3:      layout_basic, vehumet_statue, lemuel_coloured_pillars_altar,
          mainiacjoe_overflow_surrounded_room, minivault_26, uniq_ijyb
D:4:      layout_cave_pools, old_standard_altar,
          minmay_temple_entry_from_below_a, enter_ossuary_3, uniq_edmund
Ossuary:  ossuary_kennysheep_city_of_the_dead

Skill      XL: |  1  2  3  4  5 |
---------------+----------------+-----
Dodging        | 2 3 |  3.5
Spellcasting   | 3 4 |  4.3
Necromancy     | 4 |  4.7
Stealth        | |  1.4

Action                   |  1- 3 |  4- 6 || total
-------------------------+-------+-------++-------
Melee: Rapier            |    44 |    84 ||   128
       Unarmed           |     2 |       ||     2
       Punch             |       |     3 ||     3
Throw: Stone             |       |     1 ||     1
 Cast: Necrotize         |    47 |    33 ||    80
Evoke: Wand              |       |    16 ||    16
  Use: Scroll            |       |     1 ||     1
Armor: Robe              |    14 |    18 ||    32
Dodge: Dodged            |    28 |    55 ||    83

Table legend: (Time is in decaauts)
 A = Elapsed time spent in this place.
 B = Non-inter-level travel time spent in this place.
 C = Inter-level travel time spent in this place.
 D = Time resting spent in this place.
 E = Time spent auto-exploring this place.
 F = Levels seen in this place.
 G = Mean time per level.
                   A        B        C        D        E       F      G
               +--------+--------+--------+--------+--------+-----+--------+
         Total |   4376 |   4078 |    298 |    745 |   2649 |   5 |  875.2 |
       Dungeon |   3400 |   3102 |    298 |    223 |   2329 |   4 |  850.0 |
       Ossuary |    976 |    976 |      0 |    522 |    320 |   1 |  976.0 |
               +--------+--------+--------+--------+--------+-----+--------+

Top non-repeatable levels by time:
     D:2: 1370 daAuts
     D:3: 1034 daAuts
 Ossuary: 976 daAuts
     D:1: 952 daAuts
     D:4: 42 daAuts
